 Dungeon Crawl Stone Soup version 0.31-a0-152-g6aa68a64a1 (webtiles) character file.

Game seed: 2776892158288362531

90 qw the Shooter (level 4, 0/28 HPs)
             Began as a Gargoyle Hunter on June 10, 2023.
             Slain by an orc
             ... wielding a +0 falchion
              (2 damage)
             ... on level 3 of the Dungeon.
             The game lasted 00:00:42 (1072 turns).

qw the Shooter (Gargoyle Hunter)                    Turns: 1072, Time: 00:00:42

Health: 0/28       AC:  8    Str: 14 (15) XL:     4   Next: 56%
Magic:  4/4        EV:  7    Int:  8 (9)  God:
Gold:   123        SH:  0    Dex: 13 (15) Spells: 3/3 levels left

rFire   . . .        Y - +0 shortbow
rCold   . . .        (shield currently unavailable)
rNeg    + . .        i - +0 ring mail
rPois   inf          (no helmet)
rElec   +            (no cloak)
rCorr   .            (no gloves)
SInv    .            (no boots)
Will    .....        b - amulet of regeneration
Stlth   +            (no ring)
HPRegen 1.04/turn    (no ring)
MPRegen 0.09/turn

%: no passive effects
@: about to teleport, constricted
A: sickness immunity, AC +3, negative energy resistance 1, electricity
resistance, torment resistance 1, petrification resistance
a: no special abilities


You were on level 3 of the Dungeon.
You visited 1 branch of the dungeon, and saw 3 of its levels.

You collected 123 gold pieces.


Innate Abilities, Weirdness & Mutations

You are immune to sickness and miasma.
Your stone body is resilient. (AC +3)
You are immune to poison.
You resist negative energy. (rN+)
You are resistant to electric shocks. (rElec)
You are resistant to unholy torment.
You are immune to petrification.


   Skills:
 - Level 3.0 Fighting
 + Level 5.2 Ranged Weapons
 - Level 1.4 Armour
 - Level 1.5 Dodging
 - Level 1.1 Stealth


You had 3 spell levels left.
You didn't know any spells.
Your spell library was empty.

Inventory:

Hand Weapons
 Y - a +0 shortbow (weapon)
Armour
 i - a +0 ring mail (worn)
Jewellery
 a - a ring of magical power
 b - an amulet of regeneration (around neck)
Scrolls
 e - a scroll of identify
Potions
 h - a potion of curing {unknown}
 j - a potion of ambrosia {unknown}

Dungeon Overview and Level Annotations

Branches:
Dungeon (3/15)

Altars:


Message History

You kill the orc!
You shoot an arrow. The arrow hits the orc.
The orc is lightly wounded.
A ball python comes into view.
You shoot an arrow. The ball python hisses angrily.
The arrow hits the orc but does no damage.
The orc is lightly wounded.
The orc barely misses you.
You shoot an arrow.
The arrow hits the orc but does no damage.
The orc is lightly wounded.
The orc hits you with a +0 falchion. The orc barely misses you.
The orc priest hits you with a +0 flail.
The orc hits you with a +0 club. The orc closely misses you.
The orc priest hits you but does no damage.
You shoot an arrow. The arrow barely misses the orc.
The arrow closely misses the orc.
The orc closely misses you. The orc hits you but does no damage.
The orc priest hits you with a +0 flail.
You shoot an arrow.
The arrow hits the orc but does no damage.
The orc is lightly wounded.
The ball python bites you. The ball python closely misses you.
The orc hits you with a +0 club. The orc hits you but does no damage.
The orc priest mumbles some strange prayers to Beogh against you.
Beogh smites you!
1071 ||| READING scroll of teleportation.
As you read the scroll of teleportation, it crumbles to dust.
You feel strangely unstable. The ball python bites you.
The ball python grabs you. The ball python constricts you.
The orc hits you with a +0 falchion. The orc barely misses you.
The orc priest calls upon Beogh to heal the orc.
The orc's wounds heal themselves!
The ball python barely misses you. The ball python constricts you.
You shoot an arrow.
The arrow closely misses the ball python.
The orc hits you with a +0 falchion.
You die...

..........##.......
...............##.......
........................
...............[.......#
........................
........................
. ?....#####........%...
....#.o#####............
#..oo@S...............
#...o......(..........
...#...................
. #.................#
#.................
#................
..................
.............#....


You could see an orc priest, 3 orcs and a ball python.

Vanquished Creatures
  5 adders (D:2)
  A dart slug (D:1)
  An orc (D:3)
  6 bats
  2 endoplasms
  2 giant cockroaches
  5 goblins
  4 hobgoblins
  2 jackals (D:2)
  3 kobolds
  A quokka (D:3)
  5 ball pythons
  3 frilled lizards
  3 rats
43 creatures vanquished.

Notes
Turn   | Place    | Note
-------+----------+-------------------------------------------
     0 | D:1      | qw the Gargoyle Hunter began the quest for the Orb.
     0 | D:1      | Reached XP level 1. HP: 12/12 MP: 1/1
     0 | D:1      | 0 ||| qw: Version: 0.2-a-123-gb51047a
     0 | D:1      | 0 ||| qw: Game counter: 3789
     0 | D:1      | 0 ||| qw: Always use a shield: true
     0 | D:1      | 0 ||| qw: God list: Okawaru
     0 | D:1      | 0 ||| qw: Allow faded altars: false
     0 | D:1      | 0 ||| qw: Do Orc after D:15 true
     0 | D:1      | 0 ||| qw: Do second Lair branch before Depths: true
     0 | D:1      | 0 ||| qw: Lair rune preference: random
     0 | D:1      | 0 ||| qw: Plans: Normal, Zot:1-4, Slime:5, God:TSO, Crypt,
                  | Tomb, Abyss, Pan, Hells, Win
     0 | D:1      | 0 ||| PLANNING D:1-11
    90 | D:1      | Reached XP level 2. HP: 10/17 MP: 2/2
   399 | D:1      | 399 ||| UPGRADING to +0 ring mail.
   409 | D:1      | 409 ||| DROPPING +0 leather armour.
   410 | D:1      | 410 ||| READING scroll labelled HUEMIY PALI.
   411 | D:1      | 411 ||| READING 2 scrolls labelled HIRGHEI CALUEPP.
   412 | D:1      | 412 ||| READING scroll labelled MEOMEO OS KODGH.
   416 | D:1      | 416 ||| DROPPING scroll of butterflies.
   452 | D:2      | Reached skill level 1 in Armour
   452 | D:2      | Reached XP level 3. HP: 21/21 MP: 3/3
   574 | D:2      | Reached skill level 5 in Ranged Weapons
   651 | D:2      | Reached XP level 4. HP: 27/27 MP: 4/4
   675 | D:2      | Found a faded altar of an unknown god.
   772 | D:2      | Reached skill level 3 in Fighting
   894 | D:2      | 894 ||| UPGRADING to amulet of regeneration.
   899 | D:2      | 899 ||| READING scroll labelled ZYSEPNU JUMEA.
   900 | D:2      | 900 ||| READING scroll labelled WECES AROSM.
   901 | D:2      | 901 ||| READING scroll labelled DIFOCZ WAOMO.
   902 | D:2      | 902 ||| READING scroll labelled ATIWUO EMMELYE.
   903 | D:2      | 903 ||| DRINKING 2 yellow potions.
   904 | D:2      | 904 ||| READING 2 scrolls of identify.
   904 | D:2      | 904 ||| IDENTIFYING bubbling purple potion
   905 | D:2      | 905 ||| DROPPING potion of degeneration.
   906 | D:2      | 906 ||| DROPPING potion of brilliance.
  1070 | D:3      | HP: 2/28 [orc priest/divine providence (11)]
  1071 | D:3      | 1071 ||| READING scroll of teleportation.
  1072 | D:3      | Slain by an orc

Levels and vault maps discovered:
D:1:      eino_arrival_druids_welcome, layout_rooms, minmay_tromino_v4_a
D:2:      layout_rooms, basic_ecumenical_altar, minmay_misc_feat_roman
D:3:      layout_basic

Skill      XL: |  1  2  3  4 |
---------------+-------------+-----
Armour         | 1 |  1.4
Ranged Weapons | 5 |  5.2
Fighting       | 3 |  3.0
Dodging        | |  1.5
Stealth        | |  1.1

Action                     |  1- 3 |  4- 6 || total
---------------------------+-------+-------++-------
   Fire: Shortbow          |    90 |    67 ||   157
    Use: Scroll            |     3 |     6 ||     9
         Potion            |       |     1 ||     1
 Armour: Leather armour    |     9 |       ||     9
         Ring mail         |    17 |    18 ||    35
  Dodge: Dodged            |    34 |    19 ||    53

Table legend:
 A = Non-vault XP
 B = Vault XP
 C = Vault XP percentage of total XP
 D = Non-vault monster count
 E = Vault monster count
 F = Vault count percentage of total count
                 A         B        C        D         E       F
            +---------+---------+-------+---------+---------+-------
      Total |     125 |       4 |   3.1 |      40 |       3 |   7.0
            +---------+---------+-------+---------+---------+-------
        D:1 |      17 |       4 |  19.0 |       9 |       3 |  25.0
        D:2 |      91 |       0 |   0.0 |      22 |       0 |   0.0
        D:3 |      17 |       0 |   0.0 |       9 |       0 |   0.0
            +---------+---------+-------+---------+---------+-------
